 Dungeon Sprint DCSS version 0.31-a0-18-gea43df2a32 (webtiles) character file.

Game seed: 6776593635179420528

5671 bmack86 the Fighter (level 10, -1/104 HPs)
             Began as a Minotaur Berserker on May 10, 2023.
             Was a High Priest of Trog.
             Engulfed by a cloud of freezing vapour (14 damage)
             ... in the Dungeon (Sprint I: "Red Sonja").
             The game lasted 00:17:56 (1310 turns).

bmack86 the Fighter (Minotaur Berserker)            Turns: 1310, Time: 00:17:56

Health: -1/104     AC: 19    Str: 26    XL:     10   Next: 47%
Magic:  3/3        EV: 10    Int:  4    God:    Trog [*****.]
Gold:   612        SH: 16    Dex: 10    Spells: 9/9 levels left

rFire   + . .        y - +4 war axe (antimagic)
rCold   . . .        o - +0 tower shield
rNeg    . . .        u - quicksilver dragon scales of Action {Rampage rF+ Will+ Slay+5}
rPois   .            (helmet restricted)
rElec   .            (no cloak)
rCorr   .            n - +1 pair of gloves {infuse}
SInv    .            p - +0 pair of boots
Will    +....        (no amulet) Stlth
                     (no ring)
HPRegen 0.37/turn    (no ring)
MPRegen 0.08/turn

%: no teleportation, rampage, infuse magic (1 MP)
@: on berserk cooldown, hasted and slowed
A: horns 2, retaliatory headbutt
a: Renounce Religion, Berserk, Trog's Hand, Brothers in Arms


You were in the Dungeon.
You worshipped Trog.
Trog was extremely pleased with you.
You visited 1 branch You collected 2428 gold pieces.
You spent 1816 gold pieces at shops.

Inventory:

Hand Weapons
 a - a +0 hand axe
 d - a +2 antimagic war axe
 l - a +0 scythe
 t - a +2 halberd
 y - a +4 antimagic war axe (weapon)
Missiles
 s - 5 poisoned darts (quivered)
Armour
 b - a +0 animal skin
 j - a +2 ring mail of cold resistance
 n - a +1 pair of gloves of infusion (worn)
 o - a +0 tower shield (worn)
 p - a +0 pair of boots (worn)
 u - the quicksilver dragon scales of Action (worn) {Rampage rF+ Will+ Slay+5}
   (You bought it in a shop in the Dungeon)

   Slay:      It affects your accuracy & damage with ranged weapons and melee
   (+5).
   rF:        It protects you from fire.
   Rampage:   It bestows one free step when moving towards enemies.
   Will:      It increases your willpower.
Wands
 k - a wand of roots (10)
Scrolls
 h - 2 scrolls of blinking
 v - a scroll of poison
 x - a scroll of vulnerability {unknown}
Potions
 f - 2 potions of magic
 g - a potion of berserk rage
 m - a potion of brilliance
 q - 2 potions of flight


   Skills:
 + Level 14.6 Fighting
 + Level 14.4 Axes
 + Level 14.4 Armour
 - Level 2.1 Dodging
 - Level 13.2 Shields
 + Level 8.8 Evocations


You had 9 spell levels left.
You didn't know any spells.
Your spell library was empty.

Dungeon Overview and Level Annotations

Branches:
Dungeon (1/1)

Altars:
Cheibriados
Dithmenos
Elyvilon
Fedhas
Gozag
Hepliaklqana
Kikubaaqudgha
Makhleb
Nemelex Xobeh
Okawaru
Qazlal
Ru
Sif Muna
Trog
Uskayaw
Vehumet
Wu Jian
Xom
Yredelemnul
Zin
The Shining One
Jiyva
Lugonu

Shops:
D [[(?([:?([*=[:[!


Innate Abilities, Weirdness & Mutations

You have a pair of horns on your head.
You reflexively headbutt those who attack you in melee.


Message History

You now have 450 gold pieces (gained 11).
You are no longer berserk.
You are exhausted.
You feel yourself slow down.
You see here 27 gold pieces.
The meliai mumbles some strange prayers to its god against you.
Something smites you!
* * * LOW HITPOINT WARNING * * *
You see here 27 gold pieces.
As you read the scroll of silence, it crumbles to dust.
A profound silence engulfs you.
You see here 27 gold pieces.
You see here 27 gold pieces.
You see here 27 gold pieces.
You now have 477 gold pieces (gained 27).
You see here 27 gold pieces.
You now have 504 gold pieces (gained 27).
You see here 27 gold pieces.
You now have 531 gold pieces (gained 27).
You see here 27 gold pieces.
You now have 558 gold pieces (gained 27).
You see here 27 gold pieces.
You now have 585 gold pieces (gained 27).
The meliai mumbles some strange prayers to its god against you.
Something smites you!
* * * LOW HITPOINT WARNING * * *
You see here 27 gold pieces.
You now have 612 gold pieces (gained 27).
The meliai invokes the aid of its god against you.
Something smites you!
* * * LOW HITPOINT WARNING * * *
You feel better.
You feel yourself speed up.
You open the large door.
Found 216 gold pieces and a ring mail.
Found 324 gold pieces.
Your hearing returns.
There is a large open door here.
You are engulfed in freezing vapours.
You die...

.'.)#...##+#§##.#
_####...+ #§#§§##
##..#####
+.#+.§###
~§§§#§.#
###...#y#
§)§.'..# #...###
§§§§#§§# +...°.#
§#####'###
#....°#
.....#.'.#
###'°##
'###[###.# #.@##
...'.∩##.# ##$○#
########§# #[○#
#§#


$$$$ +§# $$$$$ ++######.# $$$$$## ......§#§# $$$### ..†.§§#§§# ##### ††...~####
You could see a meliai.

Vanquished Creatures
  A lorocyproca (D)
  2 centaur warriors (D)
  A deep troll (D)
  A lindwurm (D)
  An oklob plant (D)
  2 kobold demonologists (D)
  A hornet (D)
  Sigmund (D)
  A slime creature (D)
  A yak (D)
  A floating eye (D)
  An ogre (D)
  7 necrophages (D)
  2 jellies (D)
  Ijyb (D)
24 creatures vanquished.

Vanquished Creatures (collateral kills)
  2 redbacks (D)
  A floating eye (D)
  6 jellies (D)
9 creatures vanquished.

Grand Total: 33 creatures vanquished

Notes
Turn   | Place    | Note
-------+----------+-------------------------------------------
     0 | D        | bmack86 the Minotaur Berserker began the quest for the Orb.
     0 | D        | Reached XP level 1. HP: 19/19 MP: 0/0
     2 | D        | Noticed Ijyb
    10 | D        | Killed Ijyb
    11 | D        | Reached skill level 5 in Fighting
    11 | D        | Reached skill level 5 in Axes
    11 | D        | Reached XP level 2. HP: 29/29 MP: 1/1
    52 | D        | Noticed an ogre
    57 | D        | Killed an ogre
    58 | D        | Reached XP level 3. HP: 39/39 MP: 2/2
    58 | D        | Reached XP level 4. HP: 47/47 MP: 3/3
    97 | D        | Noticed Sigmund
   101 | D        | Killed Sigmund
   101 | D        | Reached ** piety under Trog
   102 | D        | Reached XP level 5. HP: 57/57 MP: 4/4
   102 | D        | Reached XP level 6. HP: 64/64 MP: 5/5
   134 | D        | Found an ornate altar of the Wu Jian Council.
   134 | D        | Found a shimmering blue altar of Sif Muna.
   136 | D        | Found a radiant altar of Vehumet.
   140 | D        | Reached skill level 1 in Evocations
   155 | D        | Found Genet's Armour Emporium.
   155 | D        | Found an ancient bone altar of Kikubaaqudgha.
   155 | D        | Found a hazy altar of Hepliaklqana.
   155 | D        | Found a stormy altar of Qazlal.
   155 | D        | Found a hide-covered altar of Uskayaw.
   155 | D        | Found a blossoming altar of Fedhas.
   155 | D        | Found a bloodstained altar of Trog.
   155 | D        | Found an iron altar of Okawaru.
   155 | D        | Found a basalt altar of Yredelemnul.
   155 | D        | Found a glowing golden altar of the Shining One.
   155 | D        | Found a snail-covered altar of Cheibriados.
   155 | D        | Found a sacrificial altar of Ru.
   155 | D        | Found a glowing silver altar of Zin.
   155 | D        | Found a shadowy altar of Dithmenos.
   155 | D        | Found a white marble altar of Elyvilon.
   155 | D        | Noticed a yak
   160 | D        | Killed a yak
   161 | D        | Reached skill level 10 in Fighting
   161 | D        | Reached skill level 10 in Axes
   161 | D        | Found an opulent altar of Gozag.
   162 | D        | Found a sparkling altar of Nemelex Xobeh.
   203 | D        | Found a burning altar of Makhleb.
   203 | D        | Found a viscous altar of Jiyva.
   203 | D        | Found a shimmering altar of Xom.
   203 | D        | Found a corrupted altar of Lugonu.
   203 | D        | Noticed a slime creature
   208 | D        | Killed a slime creature
   209 | D        | Reached skill level 10 in Armour
   209 | D        | Reached XP level 7. HP: 73/73 MP: 6/6
   274 | D        | Bought a +0 pair of gloves of infusion for 138 gold pieces
   274 | D        | Bought a +0 tower shield for 54 gold pieces
   274 | D        | Bought a +0 pair of boots for 54 gold pieces
   292 | D        | Found Lotwyobi's Armour Emporium.
   316 | D        | Noticed a deep troll
   325 | D        | Killed a deep troll
   325 | D        | Reached *** piety under Trog
   326 | D        | Reached skill level 5 in Evocations
   326 | D        | Reached XP level 8. HP: 67/82 MP: 2/7
   430 | D        | Noticed a centaur warrior
   432 | D        | Noticed a centaur warrior
   440 | D        | Killed a centaur warrior
   445 | D        | Killed a centaur warrior
   446 | D        | Reached XP level 9. HP: 64/92 MP: 0/8
   568 | D        | Noticed a kobold demonologist
   568 | D        | Noticed a kobold demonologist
   571 | D        | Reached skill level 10 in Shields
   573 | D        | Noticed a red devil
   578 | D        | Noticed a hellwing
   580 | D        | Killed a kobold demonologist
   580 | D        | Reached **** piety under Trog
   582 | D        | Noticed a sun demon
   582 | D        | Killed a kobold demonologist
   642 | D        | Noticed a lindwurm
   661 | D        | Killed a lindwurm
   930 | D        | Noticed an oklob plant
   937 | D        | Killed an oklob plant
   937 | D        | Reached ***** piety under Trog
   938 | D        | Reached XP level 10. HP: 102/102 MP: 3/9
  1008 | D        | Received a gift from Trog
  1036 | D        | Received a gift from Trog
  1102 | D        | Bought the quicksilver dragon scales of Action {Rampage rF+
                  | Will+ Slay+5} for 1140 gold pieces
  1172 | D        | Found Riolumom's Antique Armour Boutique.
  1172 | D        | Found Ykhluw's Distillery.
  1172 | D        | Found Fetuka's Book Emporium.
  1174 | D        | Found Xapsuim's Jewellery Boutique.
  1174 | D        | Found Xuimagrud's Assorted Antiques.
  1174 | D        | Found Xoafop's Armour Shop.
  1174 | D        | Found Yrchuoneu's Weapon Emporium.
  1174 | D        | Found Rirghul's Magic Scroll Boutique.
  1174 | D        | Found Foirghimuv's Book Shoppe.
  1174 | D        | Found Fitsadox's Antique Armour Shop.
  1178 | D        | Found Cafijarot's Antique Weapon Emporium.
  1179 | D        | Found Sanyta's Magic Scroll Boutique.
  1179 | D        | Found Gesebbia's Weapon Shoppe.
  1180 | D        | Bought a scroll labelled CALEPLUEVO for 21 gold pieces
  1180 | D        | Bought a scroll labelled MEIFIP ARGHAE for 21 gold pieces
  1180 | D        | Bought a scroll labelled ROWKUV YDWUU for 21 gold pieces
  1180 | D        | Found Ginlaysu's Armour Shop.
  1183 | D        | Bought a scroll of enchant armour for 82 gold pieces
  1187 | D        | Bought a runed war axe for 195 gold pieces
  1189 | D        | Bought a scroll of enchant weapon for 90 gold pieces
  1279 | D        | Killed a lorocyproca
  1303 | D        | HP: 5/104 [meliai/divine providence (10)]
  1310 | D        | Engulfed by a cloud of freezing vapour

Illustrated notes

Levels and vault maps discovered:
D:        dungeon_sprint_1 [red_sonja_temple_1, red_sonja_temple_small_1]

Skill      XL: |  1  2  3  4  5  6  7  8  9 10 |
---------------+-------------------------------+-----
Fighting       | 5 7 9 10 11 12 13 14 | 14.6
Axes           | 5 7 9 10 11 12 13 14 | 14.4
Armour         | 4 6 8 10 11 12 13 14 | 14.4
Evocations     | 3 5 6 7 8 |  8.8
Shields        | 6 9 12 13 | 13.2
Dodging        | |  2.1

Action                     |  1- 3 |  4- 6 |  7- 9 | 10-12 || total
---------------------------+-------+-------+-------+-------++-------
  Melee: Hand axe          |    11 |    12 |    54 |    10 ||    87
         Headbutt          |     1 |     2 |    15 |     6 ||    24
         War axe           |       |       |       |    27 ||    27
 Invoke: Berserk           |     2 |     3 |     6 |     1 ||    12
         Brothers in Arms  |       |       |       |     1 ||     1
  Evoke: Wand              |       |       |     2 |     1 ||     3
    Use: Scroll            |       |       |     3 |     5 ||     8
         Potion            |       |       |     1 |     2 ||     3
 Armour: Ring mail         |       |     1 |    15 |     7 ||    23
         Quicksilver drago |       |       |       |     2 ||     2
  Dodge: Dodged            |     2 |     5 |    19 |     7 ||    33
  Block: Tower shield      |       |       |    40 |    22 ||    62

Table legend: (Time is in decaauts)
 A = Elapsed time spent in this place.
 B = Non-inter-level travel time spent in this place.
 C = Inter-level travel time spent in this place.
 D = Time resting spent in this place.
 E = Time spent auto-exploring this place.
 F = Levels seen in this place.
 G = Mean time per level.
                   A        B        C        D        E       F      G
               +--------+--------+--------+--------+--------+-----+--------+
         Total |   1433 |   1433 |      0 |    547 |      0 |   1 | 1433.0 |
       Dungeon |   1433 |   1433 |      0 |    547 |      0 |   1 | 1433.0 |
               +--------+--------+--------+--------+--------+-----+--------+

Top non-repeatable levels by time:
       D: 1433 daAuts
